 Dungeon Crawl Stone Soup version 0.31-a0-1570-g93c622d222 (webtiles) character file.

Game seed: 5780382554692344246

155 Bosh the Chopper (level 5, 0/47 HPs)
             Began as a Hill Orc Fighter on Jan 3, 2024.
             Was an Initiate of Beogh.
             Slain by a gnoll
             ... wielding a +0 halberd
              (8 damage)
             ... on level 3 of the Dungeon.
             The game lasted 00:03:25 (2581 turns).

Bosh the Chopper (Hill Orc Fighter)                 Turns: 2581, Time: 00:03:26

Health: 0/47       AC:  6    Str: 25    XL:     5   Next: 37%
Magic:  5/5        EV: 11    Int: 12    God:    Beogh [......]
Gold:   158        SH:  5    Dex: 14    Spells: 4/4 levels left

rFire   + . .        a - +0 war axe
rCold   . . .        c - +0 buckler
rNeg    . . .        p - +4 robe of Augmentation {Str+4 Int+4 Dex+4}
rPois   .            (no helmet)
rElec   .            (no cloak)
rCorr   .            (no gloves)
SInv    .            (no boots)
Will    .....        (no amulet)
Stlth   +            g - ring of protection from fire
HPRegen 0.27/turn    (no ring)
MPRegen 0.09/turn

%: no passive effects
@: no status effects
A: no striking features
a: Renounce Religion


You were on level 3 of the Dungeon.
You worshipped Beogh.
Beogh was noncommittal.
You visited 1 branch of the dungeon, and saw 4 of its levels.

You collected 158 gold pieces.

Inventory:

Hand Weapons
 a - a +0 war axe (weapon)
Armour
 b - a +0 scale mail
 c - a +0 buckler (worn)
 p - the +4 robe of Augmentation (worn) {Str+4 Int+4 Dex+4}
   (You found it on level 2 of the Dungeon)

   Str+4:     It affects your strength (+4).
   Int+4:     It affects your intelligence (+4).
   Dex+4:     It affects your dexterity (+4).
Jewellery
 g - a ring of protection from fire (left hand)
 l - a ring of ice
 q - a ring of see invisible
 u - a ring of magical power
Scrolls
 f - 2 scrolls of immolation {unknown}
 i - a scroll of brand weapon {unknown}
 j - 4 scrolls of identify {unknown}
 m - a scroll of vulnerability {unknown}
 o - a scroll of noise {unknown}
 s - a scroll of enchant armour {unknown}
 v - a scroll of revelation {unknown}
Potions
 d - a potion of might
 e - 4 potions of lignification {unknown}
 h - a potion of cancellation {unknown}
 k - 2 potions of degeneration {unknown}
 n - 3 potions of heal wounds {unknown}
 r - a potion of attraction {unknown}
 t - a potion of curing {unknown}


   Skills:
 + Level 4.5 Fighting
 + Level 4.7 Axes
 + Level 4.4 Armour
 + Level 3.9 Shields


You had 4 spell levels left.
You didn't know any spells.
Your spell library contained the following spells:

 Spells                   Type           Power      Damage    Failure   Level
 Apportation              Tloc           0%         N/A       36%         1
 Jinxbite                 Hex            0%         N/A       52%         2
 Mercury Vapours          Alch/Air       0%         N/A       52%         2
 Mephitic Cloud           Conj/Alch/Air  0%         N/A       75%         3
 Alistair's Intoxication  Alch           0%         N/A       100%        5
 Freezing Cloud           Conj/Ice/Air   0%         6-21      100%        5


Dungeon Overview and Level Annotations

Branches:
Dungeon (4/15)
 Temple: D:4-7

Altars:
Sif Muna
Trog
The Shining One

Shops:
D:3 (


Message History

No target in view!
You see here an adder corpse.
Found a stone staircase leading down. 2 gnolls come into view.
Found Kicy's Weapon Shoppe.
The gnoll shouts!
You hear a shout! x2
There are monsters nearby!
There are monsters nearby!
There are monsters nearby!
A gnoll comes into view.
It is wielding a +0 club and quivering 2 throwing nets.
A gnoll comes into view.
It is wielding a +0 halberd and quivering 2 throwing nets.
The gnoll hits you from afar with a +0 halberd!
The gnoll shouts!
You block the gnoll's attack. The gnoll misses you.
You slice the gnoll!!
You kill the gnoll!
Beogh accepts your kill. You block the gnoll's attack.
The gnoll barely misses you.
The gnoll barely misses you. x2; The gnoll closely misses you.
You see here a +0 halberd.
The gnoll hits you from afar with a +0 halberd.
The gnoll closely misses you.
The gnoll throws a throwing net.
The throwing net barely misses you.
You see here a throwing net.
The gnoll hits you with a +0 halberd.
You hit the gnoll but do no damage. The gnoll barely misses you.
You closely miss the gnoll. The gnoll hits you but does no damage.
The gnoll hits you from afar with a +0 halberd.
The gnoll hits you with a +0 halberd.
You closely miss the gnoll.
The gnoll hits you from afar with a +0 halberd!
The gnoll hits you with a +0 halberd!
You barely miss the gnoll. The gnoll closely misses you.
The gnoll hits you with a +0 halberd!
* * * LOW HITPOINT WARNING * * *
The gnoll barely misses you. The gnoll attacks as it pursues you!
The gnoll hits you but does no damage. The gnoll attacks as it pursues you!
The gnoll hits you from afar with a +0 halberd!
You die...

#####..###.........).......
#......##........##†.......
#.##...∩..##.##.######........
..........>...#.### #........
.......)...##.#...# #.....###
..####.#.#.##.#)..# #.....#
#..# #.#.(g##.#...# #######
#..# #.###g##.<...# #### #..#
#.# #.#.@#..### ....
##..####.#
#g#..#....###########
.....##%###.#g...#.........
###................#.........
..........###................
###..#.#..# #....###..###### #
.......#..###....# #....# #
###.......)).....# #.##.## #
###.##.#..####..## #.##..# #


You could see a gnoll.

Vanquished Creatures
  An iguana (D:4)
  4 adders (D:3)
  2 gnolls
  A ribbon worm (D:2)
  4 orcs (D:3)
  7 ball pythons
  4 endoplasms
  4 giant cockroaches
  7 hobgoblins
  5 jackals
  3 quokkas
  5 bats
  3 frilled lizards
  5 goblins
  4 kobolds
  4 rats
63 creatures vanquished.

Vanquished Creatures (others)
  An arcanist (D:3)
  2 orcs (D:4)
3 creatures vanquished.

Grand Total: 66 creatures vanquished

Notes
Turn   | Place    | Note
-------+----------+-------------------------------------------
     0 | D:1      | Bosh the Hill Orc Fighter began the quest for the Orb.
     0 | D:1      | Reached XP level 1. HP: 19/19 MP: 1/1
    42 | D:1      | Reached XP level 2. HP: 13/27 MP: 2/2
   427 | D:1      | Reached XP level 3. HP: 33/33 MP: 3/3
   968 | D:3      | Found a bloodstained altar of Trog.
   969 | D:3      | Noticed a wizard
   975 | D:3      | Killed a wizard
   994 | D:3      | Reached XP level 4. HP: 40/40 MP: 4/4
  1195 | D:4      | Became a worshipper of Beogh the Brigand
  1764 | D:2      | Found the +4 robe of Augmentation {Str+4 Int+4 Dex+4}
  2180 | D:3      | Found a glowing golden altar of the Shining One.
  2253 | D:3      | Found a shimmering blue altar of Sif Muna.
  2313 | D:3      | Reached XP level 5. HP: 39/47 MP: 5/5
  2560 | D:3      | Found Kicy's Weapon Shoppe.
  2581 | D:3      | Slain by a gnoll

Illustrated notes

Levels and vault maps discovered:
D:1:      dpeg_arrival_orchard, layout_loops_ring,
          nicolae_concentric_dashed_squares_mild, nicolae_eternal_life
D:2:      layout_rooms, chequers_serial_rivers_micro_e
D:3:      layout_basic, trog_wizard, nicolae_tso_swordbearing_angel,
          mainiacjoe_overflow_paths, serial_shops, shop
D:4:      layout_basic

Skill      XL: |  1  2  3  4 |
---------------+-------------+-----
Axes           | 3 4 |  4.7
Fighting       | 4 |  4.5
Armour         | 4 |  4.4
Shields        | |  3.9

Action                     |  1- 3 |  4- 6 || total
---------------------------+-------+-------++-------
  Melee: War axe           |   101 |    79 ||   180
 Invoke: Convert to Beogh  |       |     1 ||     1
   Stab: Sleeping          |       |     2 ||     2
 Armour: Scale mail        |    74 |    20 ||    94
         Robe              |       |    35 ||    35
  Dodge: Dodged            |    38 |    39 ||    77
  Block: Buckler           |    22 |    29 ||    51

Table legend: (Time is in decaauts)
 A = Elapsed time spent in this place.
 B = Non-inter-level travel time spent in this place.
 C = Inter-level travel time spent in this place.
 D = Time resting spent in this place.
 E = Time spent auto-exploring this place.
 F = Levels seen in this place.
 G = Mean time per level.
                   A        B        C        D        E       F      G
               +--------+--------+--------+--------+--------+-----+--------+
         Total |   2645 |   2454 |    191 |      0 |   1974 |   4 |  661.2 |
       Dungeon |   2645 |   2454 |    191 |      0 |   1974 |   4 |  661.2 |
               +--------+--------+--------+--------+--------+-----+--------+

Top non-repeatable levels by time:
     D:1: 936 daAuts
     D:3: 924 daAuts
     D:2: 577 daAuts
     D:4: 206 daAuts
